 Dungeon Sprint DCSS version 0.23.0 (webtiles) character file.

Game seed: 2626634183630705956

28735 Kairos the Peltast (level 13, -3/113 (116) HPs)
             Began as a Formicid Fighter on Feb 12, 2019.
             Was a High Priest of Okawaru.
             Slain by the 27-headed Lernaean hydra (8 damage)
             ... in the Dungeon (Sprint I: "Red Sonja").
             The game lasted 01:17:48 (9513 turns).

Kairos the Peltast (Formicid Fighter)               Turns: 9513, Time: 01:17:48

HP:   -3/113 (116)  AC: 24    Str: 27    XL:     13   Next: 75%
MP:   18/20         EV: 12    Int:  9    God:    Okawaru [*****.]
Gold: 360           SH: 16    Dex: 13    Spells: 12/12 levels left

rFire    + . .     SeeInvis +   O - +5 quick blade
rCold    + + +     Gourm    .   q - +1 shield {reflect}
rNeg     + + .     Faith    .   J - +1 shadow dragon scales
rPois    .         Spirit   .   (helmet unavailable)
rElec    +         Reflect  +   x - scarf {rC+ rF+}
rCorr    +         Harm     .   w - +2 pair of gloves {Dex+3}
MR       ++...                  t - +0 pair of boots "Tengofow" {rElec rN++}
Stlth    +++++++++.             G - amulet of regeneration
HPRegen  0.68/turn              e - ring of Shadows {Umbra +Inv Stlth+}
MPRegen  0.17/turn              n - ring of resist corrosion

@: very slightly contaminated, wreathed by umbra, invisible
A: permanent stasis, dig shafts and tunnels, four strong arms, antennae 3,
clever 1, cold resistance 2, magic resistance 1, screaming 1
a: Dig, Heroism, Finesse, Renounce Religion


You were in the Dungeon.
You worshipped Okawaru.
Okawaru was extremely pleased with you.
You were not hungry.

You visited 1 branch You collected 4899 gold pieces.
You spent 4539 gold pieces at shops.

Inventory:

Hand Weapons
 a - a +2 quarterstaff
 m - a +2 short sword of venom
 r - a +0 shortbow of flaming
 y - a +2 hand crossbow of velocity
 A - a +4 shortbow of freezing
 E - the +9 arbalest of Hell's Wrath {freeze, +Fly}
   (You found it in the Dungeon)

   It causes projectiles fired from it to freeze those they strike, causing
   extra injury to most foes and up to half again as much damage against
   particularly susceptible opponents.
   They can also slow down cold-blooded creatures.
   It lets you fly.
 O - a +5 quick blade (weapon)
Missiles
 g - 2 curare-tipped needles (quivered)
 s - 25 arrows
 F - 41 bolts
Armour
 p - a +2 plate armour of fire resistance
 q - a +1 shield of reflection (worn)
 t - the +0 pair of boots "Tengofow" (worn) {rElec rN++}
   (Okawaru gifted it to you in the Dungeon)

   It insulates you from electricity.
   It greatly protects you from negative energy.
 w - a +2 pair of gloves of dexterity (worn)
 x - a scarf of resistance (worn)
 J - +1 shadow dragon scales (worn)
 N - a +1 cloak of poison resistance
Jewellery
 e - the ring of Shadows (left hand) {Umbra +Inv Stlth+}
   (You bought it in a shop in the Dungeon)

   [ring of stealth]

   It lets you turn invisible.
   It makes you more stealthy.
 l - an uncursed amulet of magic regeneration
 n - a ring of resist corrosion (right hand)
 v - the ring of Yclain Fiza {rPois Str+4}
   (You bought it in a shop in the Dungeon)

   [ring of poison resistance]

   It affects your strength (+4).
   It protects you from poison.
 D - the ring of the Scarab {*Drain rN+ Str+2 Int+3}
   (You found it in the Dungeon)

   [ring of positive energy]

   It affects your strength (+2).
   It affects your intelligence (+3).
   It protects you from negative energy.
   It causes draining when unequipped.
 G - an amulet of regeneration (around neck)
Wands
 c - a wand of iceblast (11)
 o - a wand of digging (5)
Scrolls
 b - a scroll of immolation
 k - a scroll of blinking
 u - a scroll of remove curse
 H - a scroll of fog
 K - 2 scrolls of identify
Potions
 d - 2 potions of might
 f - 2 potions of curing
 h - 3 potions of haste
 i - 6 potions of magic
 j - a potion of berserk rage
 C - 5 potions of heal wounds
 I - a potion of resistance
 L - a potion of lignification {unknown}
 M - a potion of agility {unknown}
Miscellaneous
 z - a phial of floods
Comestibles
 B - 6 rations


   Skills:
 + Level 15.4 Fighting
 + Level 15.6 Staves
 + Level 4.2 Bows
 + Level 8.9 Crossbows
 + Level 2.4 Throwing
 + Level 16.8 Armour
 + Level 5.8 Dodging
 * Level 11.0 Stealth
 - Level 17.2 Shields
 + Level 10.4 Invocations
 + Level 6.9 Evocations


You had 12 spell levels left.
You didn't know any spells.
Your spell library contained the following spells:

 Spells                   Type           Power        Failure   Level  Hunger
 Shroud of Golubria       Chrm/Tloc      #.........   90%         2    ###....
 Gell's Gravitas          Tloc           #.........   99%         3    ####...
 Lesser Beckoning         Tloc           #.........   99%         3    ####...
 Teleport Other           Tloc           #.......     99%         3    ####...
 Passage of Golubria      Tloc           N/A          100%        4    #####..
 Blink                    Tloc           Unusable     N/A         2    N/A

Dungeon Overview and Level Annotations

Branches:
Dungeon (1/1)

Altars:
Cheibriados
Dithmenos
Elyvilon
Fedhas
Gozag
Hepliaklqana
Kikubaaqudgha
Makhleb
Nemelex Xobeh
Okawaru
Qazlal
Ru
Sif Muna
Trog
Uskayaw
Vehumet
Wu Jian
Xom
Yredelemnul
Zin
The Shining One
Jiyva
Lugonu

Shops:
D (?*=%?:%***[%==*(!([!%

Annotations:
D exclusion: oklob plant, Lernaean hydra, Tiamat


Innate Abilities, Weirdness & Mutations

You cannot be hasted, slowed, berserked, paralysed or teleported.
You can dig through walls and to a lower floor.
Your four strong arms can wield two-handed weapons with a shield.
You have a pair of large antennae on your head. (SInv)
Your mind is acute. (Int +2)
Your flesh is very cold resistant. (rC++)
You are resistant to hostile enchantments. (MR+)
You occasionally shout uncontrollably at your foes.


Message History

You block the 27-headed Lernaean hydra's attack.
The 27-headed Lernaean hydra bites you but does no damage. x10
The 27-headed Lernaean hydra closely misses you.
The 27-headed Lernaean hydra bites you but does no damage.
The 27-headed Lernaean hydra bites you!
* * * LOW HITPOINT WARNING * * *
You hit the 27-headed Lernaean hydra.
The 27-headed Lernaean hydra is lightly wounded.
You catch the helpless 27-headed Lernaean hydra completely off-guard!
You puncture the 27-headed Lernaean hydra!
The 27-headed Lernaean hydra is lightly wounded.
The 27-headed Lernaean hydra bites you but does no damage.
The 27-headed Lernaean hydra completely misses you.
You block the 27-headed Lernaean hydra's attack. x2
The 27-headed Lernaean hydra misses you.
The 27-headed Lernaean hydra bites you but does no damage.
The 27-headed Lernaean hydra misses you.
The 27-headed Lernaean hydra bites you but does no damage. x2
The 27-headed Lernaean hydra bites you!
You die...

.#..)......#.###..#§.§..[......#,
##.........#.#.+..##.§.^....^.##,
.+..○○..####'#.##'##.....[....#,,
###.○.###).[.#.#≈≈≈##........##,,
..#####...####.#≈≈≈≈##....(.##,,,
........###,,.^#≈≈≈≈≈########,,,,
....#####,,,,####≈≈≈≈#≈≈≈≈≈#,,,,,
...##,,,,,,,,#..#D≈≈≈'≈≈.≈≈+,,,,,
..##,,,,,,,,,#..@##≈≈#≈≈≈≈≈*≈≈≈,,
..#,,,,,,,,,,#....####**+#****≈≈≈
###****,,{,,,#....#≈≈≈≈≈≈≈≈≈≈**≈≈
≈≈≈{≈.*,,,,,,######*≈≈≈≈≈≈≈≈≈≈≈≈≈
######*,,,,,,+,,*,,+,,{≈≈≈≈≈≈≈*≈≈
..+,,,,,,,,,,*,,+,,*,,,,,,,,≈≈≈*≈
###******************************


You could see the 27-headed Lernaean hydra.

Vanquished Creatures
  A golden dragon (D)
  A shadow dragon (D)
  4 fire giants (D)
  A lorocyproca (D)
  A deep elf annihilator (D)
  A hydra (D)
  2 centaur warriors (D)
  Sonja (D)
  7 unseen horrors (D)
  A deep troll (D)
  A lindwurm (D)
  An oklob plant (D)
  8 shining eyes (D)
  2 merfolk sirens (D)
  A gargoyle (D)
  4 demonic crawlers (D)
  2 kobold demonologists (D)
  A hellwing (D)
  A slime creature (D)
  5 hornets (D)
  Sigmund (D)
  A yak (D)
  2 redbacks (D)
  13 hogs (D)
  7 floating eyes (D)
  7 necrophages (D)
  An ogre (D)
  8 jellies (D)
  Ijyb (D)
  2 ballistomycetes (D)
89 creatures vanquished.

Vanquished Creatures (others)
  A gargoyle (D)
  2 ballistomycete spores (D)
3 creatures vanquished.

Grand Total: 92 creatures vanquished

Notes
Turn   | Place    | Note
-------+----------+-------------------------------------------
     0 | D        | Kairos the Formicid Fighter began the quest for the Orb.
     0 | D        | Reached XP level 1. HP: 18/18 MP: 1/1
     2 | D        | Noticed Ijyb
    31 | D        | Killed Ijyb
    31 | D        | Reached skill level 5 in Shields
    31 | D        | Reached XP level 2. HP: 24/26 MP: 2/2
    31 | D        | Reached XP level 3. HP: 29/31 MP: 3/3
    35 | D        | Noticed an ogre
    44 | D        | Killed an ogre
    44 | D        | Reached skill level 5 in Fighting
    44 | D        | Reached skill level 5 in Armour
    44 | D        | Reached skill level 1 in Dodging
    44 | D        | Reached skill level 6 in Shields
    44 | D        | Reached XP level 4. HP: 4/40 MP: 4/4
    44 | D        | Reached XP level 5. HP: 4/46 MP: 5/5
   359 | D        | Noticed Sigmund
   367 | D        | Killed Sigmund
   367 | D        | Reached skill level 8 in Shields
   367 | D        | Reached XP level 6. HP: 54/55 MP: 6/6
   382 | D        | Found an ornate altar of the Wu Jian Council.
   382 | D        | Found a deep blue altar of Sif Muna.
   384 | D        | Found a radiant altar of Vehumet.
   395 | D        | Found Besk's Jewellery Emporium.
   395 | D        | Found an ancient bone altar of Kikubaaqudgha.
   395 | D        | Found a hazy altar of Hepliaklqana.
   395 | D        | Found a stormy altar of Qazlal.
   395 | D        | Found a hide-covered altar of Uskayaw.
   395 | D        | Found a blossoming altar of Fedhas.
   395 | D        | Found a bloodstained altar of Trog.
   395 | D        | Found an iron altar of Okawaru.
   395 | D        | Found a basalt altar of Yredelemnul.
   395 | D        | Found a glowing golden altar of the Shining One.
   395 | D        | Found a snail-covered altar of Cheibriados.
   395 | D        | Found a sacrificial altar of Ru.
   395 | D        | Found a glowing silver altar of Zin.
   395 | D        | Found a shadowy altar of Dithmenos.
   395 | D        | Found a white marble altar of Elyvilon.
   395 | D        | Noticed a yak
   405 | D        | Killed a yak
   405 | D        | Reached skill level 9 in Shields
   405 | D        | Reached XP level 7. HP: 45/63 MP: 7/7
   407 | D        | Found an opulent altar of Gozag.
   550 | D        | Found a burning altar of Makhleb.
   550 | D        | Found a viscous altar of Jiyva.
   550 | D        | Found a shimmering altar of Xom.
   550 | D        | Found a corrupted altar of Lugonu.
   550 | D        | Noticed a slime creature
   574 | D        | Killed a slime creature
   767 | D        | Found a sparkling altar of Nemelex Xobeh.
   779 | D        | Became a worshipper of Warmaster Okawaru
   790 | D        | Noticed Sonja
   812 | D        | Killed Sonja
   812 | D        | Reached * piety under Okawaru
   812 | D        | Reached ** piety under Okawaru
   812 | D        | Reached skill level 10 in Staves
   812 | D        | Reached skill level 10 in Shields
   812 | D        | Reached XP level 8. HP: 22/72 MP: 8/8
  1009 | D        | Killed a gargoyle
  1145 | D        | Found Pine Eke's Weapon Boutique.
  1174 | D        | Bought the ring of Shadows {Umbra +Inv Stlth+} for 400 gold
                  | pieces
  1174 | D        | Found the ring of Shadows {Umbra +Inv Stlth+}
  1225 | D        | Noticed a kobold demonologist
  1227 | D        | Noticed a kobold demonologist
  1234 | D        | Killed a kobold demonologist
  1234 | D        | Reached skill level 1 in Evocations
  1234 | D        | Reached XP level 9. HP: 78/78 MP: 4/9
  1246 | D        | Killed a kobold demonologist
  1246 | D        | Reached *** piety under Okawaru
  1246 | D        | Reached skill level 10 in Fighting
  1246 | D        | Reached skill level 10 in Armour
  1246 | D        | Reached skill level 11 in Shields
  1367 | D        | Noticed a shining eye
  1367 | D        | Noticed a shining eye
  1367 | D        | Noticed a shining eye
  1367 | D        | Noticed a shining eye
  1367 | D        | Noticed a shining eye
  1367 | D        | Noticed a shining eye
  1584 | D        | Noticed a deep troll
  1627 | D        | Killed a deep troll
  1627 | D        | Reached skill level 5 in Stealth
  1627 | D        | Reached skill level 1 in Invocations
  1757 | D        | Found Teagref's Armour Emporium.
  1807 | D        | Noticed a centaur warrior
  1873 | D        | Noticed an oklob plant
  1893 | D        | Killed an oklob plant
  1893 | D        | Reached skill level 1 in Throwing
  1893 | D        | Reached XP level 10. HP: 38/86 MP: 9/12
  1920 | D        | Reached **** piety under Okawaru
  2094 | D        | Bought a +2 plate armour of fire resistance for 480 gold
                  | pieces
  2146 | D        | Reached skill level 12 in Shields
  2223 | D        | Noticed a centaur warrior
  2239 | D        | Killed a centaur warrior
  2251 | D        | Killed a centaur warrior
  2251 | D        | Reached ***** piety under Okawaru
  2251 | D        | Received a gift from Okawaru
  2332 | D        | Noticed an unseen horror
  2332 | D        | Noticed an unseen horror
  2344 | D        | Killed an unseen horror
  2344 | D        | Reached skill level 5 in Dodging
  2353 | D        | Killed an unseen horror
  2353 | D        | Reached skill level 13 in Shields
  2353 | D        | Reached skill level 5 in Evocations
  2353 | D        | Reached XP level 11. HP: 93/93 MP: 12/14
  2832 | D        | Noticed a lindwurm
  2840 | D        | Killed a lindwurm
  2881 | D        | Reached skill level 14 in Shields
  2979 | D        | Noticed a 12-headed hydra
  2988 | D        | Killed a 12-headed hydra
  2988 | D        | Reached skill level 10 in Stealth
  3323 | D        | Noticed a merfolk siren
  3337 | D        | Noticed a shadow dragon
  3338 | D        | Noticed a golden dragon
  3379 | D        | Noticed a lorocyproca
  3402 | D        | Killed a lorocyproca
  3402 | D        | Received a gift from Okawaru
  3402 | D        | Reached skill level 15 in Shields
  3402 | D        | Reached skill level 5 in Invocations
  3402 | D        | Reached XP level 12. HP: 76/105 MP: 1/16
  3405 | D        | Got a pair of heavily runed boots {god gift}
  3411 | D        | Identified the +0 pair of boots "Tengofow" {rElec rN++}
                  | (Okawaru gifted it to you in the Dungeon)
  4008 | D        | Noticed a deep elf annihilator
  4131 | D        | Killed a deep elf annihilator
  4190 | D        | Noticed a daeva
  4230 | D        | Bought the ring of Yclain Fiza {rPois Str+4} for 354 gold
                  | pieces
  4249 | D        | Bought a +2 pair of gloves of dexterity for 258 gold pieces
  4249 | D        | Bought a scarf of resistance for 384 gold pieces
  4446 | D        | Paralysed by fainting for 8 turns
  4485 | D        | Found Woiroam's Food Shoppe.
  4485 | D        | Found Hamamoj's Book Shop.
  4485 | D        | Found Widecw's General Store.
  4487 | D        | Found Mihe Xuupte's Assorted Antiques.
  4487 | D        | Found Loih's General Store.
  4487 | D        | Found Keskouc's Armour Shoppe.
  4487 | D        | Found Dieduomi's Food Boutique.
  4487 | D        | Found Ydeepse's Jewellery Emporium.
  4487 | D        | Found Zarugun's Jewellery Shop.
  4487 | D        | Found Jiudile's Assorted Antiques.
  4488 | D        | Bought a ration for 70 gold pieces
  4488 | D        | Bought a ration for 70 gold pieces
  4488 | D        | Bought a ration for 70 gold pieces
  4488 | D        | Bought a ration for 70 gold pieces
  4488 | D        | Bought a ration for 70 gold pieces
  4488 | D        | Bought a ration for 70 gold pieces
  4491 | D        | Found Duuxett's Antique Weapon Boutique.
  4492 | D        | Found Bot Omnu's Antique Weapon Emporium.
  4492 | D        | Found Bomulot's Distillery.
  4493 | D        | Found Voiciczeli's Distillery.
  4496 | D        | Paralysed by fainting for 9 turns
  4510 | D        | Paralysed by fainting for 11 turns
  4522 | D        | Bought a potion of heal wounds for 50 gold pieces
  4522 | D        | Bought a potion of flight for 30 gold pieces
  4523 | D        | Bought a potion of heal wounds for 60 gold pieces
  4538 | D        | Bought a ration for 50 gold pieces
  4538 | D        | Bought a ration for 50 gold pieces
  4547 | D        | Bought a potion of might for 48 gold pieces
  4657 | D        | Reached skill level 15 in Staves
  4678 | D        | Reached skill level 16 in Shields
  4684 | D        | Noticed a mummy priest
  4860 | D        | Noticed a jiangshi
  5044 | D        | Got a pitted golden ring
  5305 | D        | Identified the ring of the Scarab {*Drain rN+ Str+2 Int+3}
                  | (You found it in the Dungeon)
  5342 | D        | Noticed an unseen horror
  5342 | D        | Noticed an unseen horror
  5342 | D        | Noticed an unseen horror
  5342 | D        | Noticed an unseen horror
  5359 | D        | Killed an unseen horror
  5362 | D        | Killed an unseen horror
  5366 | D        | Killed an unseen horror
  5394 | D        | Killed an unseen horror
  5595 | D        | Noticed an unseen horror
  5604 | D        | Killed an unseen horror
  5604 | D        | Reached skill level 17 in Shields
  5617 | D        | Got a bloodstained arbalest
  5905 | D        | Identified the +9 arbalest of Hell's Wrath {freeze, +Fly}
                  | (You found it in the Dungeon)
  6161 | D        | Noticed a fire giant
  6166 | D        | Killed a fire giant
  6166 | D        | Received a gift from Okawaru
  6166 | D        | Reached skill level 1 in Crossbows
  6166 | D        | Reached skill level 15 in Armour
  6218 | D        | Noticed a fire giant
  6219 | D        | Noticed a fire giant
  6219 | D        | Noticed a fire giant
  6263 | D        | Killed a fire giant
  6263 | D        | Reached XP level 13. HP: 28/113 MP: 9/18
  6265 | D        | Killed a fire giant
  6702 | D        | Killed a fire giant
  6702 | D        | Reached skill level 5 in Crossbows
  7132 | D        | Identified the +4 dragonskin cloak
  7132 | D        | Noticed Tiamat
  7588 | D        | Gained mutation: Your magical capacity is low. (-10% MP) [a
                  | shining eye]
  7655 | D        | Gained mutation: Your body sometimes deteriorates upon
                  | taking damage. [a shining eye]
  7669 | D        | Gained mutation: You are dopey. (Int -2) [a shining eye]
  7674 | D        | Gained mutation: Potions are less effective at restoring
                  | your health. [a shining eye]
  7687 | D        | Gained mutation: You are clumsy. (Dex -2) [a shining eye]
  7721 | D        | Reached skill level 1 in Bows
  7757 | D        | Found Kileun's Magic Scroll Shoppe.
  7757 | D        | Found Donkoleg's Food Shop.
  7757 | D        | Found Weesoc's Assorted Antiques.
  7757 | D        | Found Oqezo's Magic Scroll Boutique.
  7785 | D        | Bought a twisted bone wand for 72 gold pieces
  7857 | D        | Bought a potion of mutation for 96 gold pieces
  7857 | D        | Lost mutation: Potions are less effective at restoring your
                  | health. [potion of mutation]
  7857 | D        | Lost mutation: You are clumsy. (Dex -2) [potion of
                  | mutation]
  7857 | D        | Lost mutation: Your magical capacity is low. (-10% MP)
                  | [potion of mutation]
  7857 | D        | Gained mutation: You possess an exceptional clarity of
                  | mind. [potion of mutation]
  7857 | D        | Gained mutation: Your muscles are strong. (Str +2) [potion
                  | of mutation]
  7859 | D        | Bought a potion of mutation for 80 gold pieces
  7859 | D        | Lost mutation: Your muscles are strong. (Str +2) [potion of
                  | mutation]
  7859 | D        | Lost mutation: You are dopey. (Int -2) [potion of mutation]
  7859 | D        | Gained mutation: Scrolls take you a little longer to read.
                  | [potion of mutation]
  7859 | D        | Gained mutation: You occasionally shout uncontrollably at
                  | your foes. [potion of mutation]
  7859 | D        | Gained mutation: You are clumsy. (Dex -2) [potion of
                  | mutation]
  7859 | D        | Lost mutation: You are clumsy. (Dex -2) [potion of
                  | mutation]
  7862 | D        | Bought a potion of mutation for 80 gold pieces
  7862 | D        | Lost mutation: You possess an exceptional clarity of mind.
                  | [potion of mutation]
  7862 | D        | Lost mutation: Scrolls take you a little longer to read.
                  | [potion of mutation]
  7862 | D        | Lost mutation: Your body sometimes deteriorates upon taking
                  | damage. [potion of mutation]
  7862 | D        | Gained mutation: Your mind is acute. (Int +2) [potion of
                  | mutation]
  7862 | D        | Gained mutation: Your flesh is cold resistant. (rC+)
                  | [potion of mutation]
  7862 | D        | Gained mutation: You are resistant to hostile enchantments.
                  | (MR+) [potion of mutation]
  7862 | D        | Gained mutation: Your flesh is very cold resistant. (rC++)
                  | [potion of mutation]
  7913 | D        | Bought a scroll of magic mapping for 35 gold pieces
  7964 | D        | Bought an uncursed amulet of regeneration for 360 gold
                  | pieces
  7969 | D        | Bought a scroll of fog for 24 gold pieces
  7969 | D        | Bought a potion of resistance for 120 gold pieces
  8021 | D        | Bought a scroll of enchant armour for 75 gold pieces
  8030 | D        | Bought 2 potions of heal wounds for 180 gold pieces
  8185 | D        | Killed a shadow dragon
  8185 | D        | Received a gift from Okawaru
  8453 | D        | Killed a golden dragon
  8453 | D        | Received a gift from Okawaru
  8453 | D        | Reached skill level 15 in Fighting
  8453 | D        | Reached skill level 10 in Invocations
  8534 | D        | Found Waeph's Food Shoppe.
  9097 | D        | Bought a scroll of acquirement for 728 gold pieces
  9110 | D        | Bought a scroll of enchant armour for 105 gold pieces
  9504 | D        | Noticed the 27-headed Lernaean hydra
  9511 | D        | HP: 4/113 [the 27-headed Lernaean hydra (8)]
  9513 | D        | Slain by the 27-headed Lernaean hydra

Skill      XL: |  1  2  3  4  5  6  7  8  9 10 11 12 13 |
---------------+----------------------------------------+-----
Fighting       | 4 5 7 8 9 10 11 13 14 15 | 15.4
Armour         | 4 5 7 8 9 11 12 13 15 16 | 16.8
Shields        | 5 6 8 9 10 11 13 15 17 | 17.2
Staves         | 4 6 7 10 11 12 13 14 15 | 15.6
Dodging        | 1 2 3 4 5 |  5.8
Stealth        | 2 5 8 10 11 | 11.0
Evocations     | 1 3 5 6 |  6.9
Invocations    | 1 3 5 6 10 | 10.4
Throwing       | 1 2 |  2.4
Crossbows      | 3 8 |  8.9
Bows           | 4 |  4.2

Action                   |  1- 3 |  4- 6 |  7- 9 | 10-12 | 13-15 || total
-------------------------+-------+-------+-------+-------+-------++-------
Melee: Quarterstaff      |    36 |    20 |    83 |   453 |    53 ||   645
       Quick blade       |       |       |       |       |     3 ||     3
 Fire: Blowgun           |       |       |     1 |       |       ||     1
       Arbalest          |       |       |       |     9 |    17 ||    26
       Shortbow          |       |       |       |     1 |    23 ||    24
Invok: Heroism           |       |       |     3 |    15 |     5 ||    23
       Finesse           |       |       |       |     2 |     3 ||     5
 Abil: Evoke Invisibilit |       |       |     1 |     4 |     1 ||     6
       Dig               |       |       |     2 |     1 |     3 ||     6
Evoke: Wand              |       |       |     2 |       |       ||     2
  Use: Potion            |       |       |     2 |     1 |     3 ||     6
       Scroll            |       |       |     1 |     5 |     4 ||    10
 Stab: Invisible         |       |       |     5 |     5 |     1 ||    11
       Sleeping          |       |       |       |     2 |       ||     2
  Eat: Ration            |       |       |     1 |     4 |     3 ||     8
       Chunk             |       |       |       |     4 |       ||     4
Armor: Scale mail        |    19 |     2 |    12 |       |       ||    33
       Plate armour      |       |       |       |   164 |    14 ||   178
       Shadow dragon sca |       |       |       |       |    57 ||    57
Dodge: Dodged            |     7 |     7 |    17 |   163 |    52 ||   246
Block: Shield            |    20 |     6 |    31 |   287 |    43 ||   387
       Reflection        |       |       |       |     1 |     1 ||     2
